 Dungeon Crawl Stone Soup version 0.30-a0-778-g2ef04af (webtiles) character file.

Game seed: 17789891219987678498

1395 malesh the Insei (level 8, -1/51 HPs)
             Began as an Octopode Transmuter on Feb 16, 2023.
             Was an Initiate of Gozag.
             Slain by an ice beast (4 damage)
             ... on level 6 of the Dungeon.
             The game lasted 00:15:46 (6101 turns).

malesh the Insei (Octopode Transmuter)              Turns: 6101, Time: 00:15:47

Health: -1/51      AC:  2    Str: 17    XL:     8   Next: 68%
Magic:  14/15      EV: 21    Int: 16    God:    Gozag
Gold:   174        SH:  0    Dex: 17    Spells: 7/17 levels left

rFire   . . .      SeeInvis .      - Unarmed
rCold   . . .      Faith    .    (shield currently unavailable)
rNeg    . . .      Spirit   .    (helmet currently unavailable)
rPois   .          Reflect  .    (no amulet)
rElec   .          Harm     .    d - ring of willpower
rCorr   +          Rampage  .    m - +6 ring of strength
Will    +....                    u - ring of resist corrosion
Stlth   ++                       D - ring of poison resistance
HPRegen 0.28/turn                (no ring)
MPRegen 0.14/turn                (no ring)
                                 (no ring)
                                 (no ring)

@: spider-form
A: venomous fangs, almost no armour, (amphibious), 8 rings, tiny, (camouflage
1), (gelatinous body 1), (nimble swimmer 1), (tentacles)
a: End Transformation, Renounce Religion, Potion Petition, Call Merchant, Bribe
Branch


You were on level 6 of the Dungeon.
You worshipped Gozag.
Gozag was aware of your devotion.
You were a venomous arachnid creature.
You visited 2 branches of the dungeon, and saw 7 of its levels.

You collected 279 gold pieces.
You spent 44 gold pieces at shops.
You paid 61 gold pieces to Gozag.

Inventory:

Missiles
 C - a throwing net
Jewellery
 d - a ring of willpower (left front pincers)
 m - a +6 ring of strength (right front pincers)
 u - a ring of resist corrosion (on tentacle)
 B - a ring of fire
 D - a ring of poison resistance (on tentacle)
Wands
 j - a wand of flame (22)
 z - a wand of roots (6)
Scrolls
 e - 3 scrolls of fog
 f - 3 scrolls of enchant armour {unknown}
 g - 4 scrolls of teleportation
 h - 2 scrolls of magic mapping {unknown}
 k - 2 scrolls of amnesia {unknown}
 o - 2 scrolls of silence {unknown}
 p - a scroll of butterflies {unknown}
 q - a scroll of noise {unknown}
 r - 2 scrolls of poison {unknown}
 s - a scroll of blinking {unknown}
 v - a scroll of fear {unknown}
 y - a scroll of immolation {unknown}
 E - a scroll of brand weapon {unknown}
Potions
 a - 5 potions of lignification
 b - a potion of berserk rage {unknown}
 c - 6 potions of curing
 i - 5 potions of heal wounds {unknown}
 l - 2 potions of mutation {unknown}
 n - 3 potions of attraction {unknown}
 t - a potion of flight {unknown}
 w - 3 potions of haste {unknown}
 x - a potion of resistance {unknown}
 A - a potion of invisibility {unknown}


   Skills:
 + Level 2.9 Fighting
 + Level 3.7 Dodging
 - Level 2.4 Stealth
 * Level 6.3 Unarmed Combat
 + Level 5.0 Spellcasting
 + Level 4.7 Transmutations
 + Level 0.1 Ice Magic
 - Level 3.0 Poison Magic


You had 7 spell levels left.
You knew the following spells:

 Your Spells              Type           Power      Damage    Failure   Level
a - Beastly Appendage     Tmut           38%        N/A       9%          1
b - Wereblood             Tmut           19%        N/A       11%         2
c - Spider Form           Tmut/Pois      16%        N/A       24%         3
d - Ice Form              Ice/Tmut       11%        N/A       71%         4

Your spell library contained the following spells:

 Spells                   Type           Power      Damage    Failure   Level
 Shock                    Conj/Air       16%        1d4       34%         1
 Swiftness                Air            4%         N/A       63%         3
 Airstrike                Air            2%         2d(1-17)  94%         4


Dungeon Overview and Level Annotations

Branches:
Dungeon (6/15)             Temple (1/1) D:6

Altars:
Ashenzari
Cheibriados
Dithmenos
Elyvilon
Fedhas
Gozag
Hepliaklqana
Kikubaaqudgha
Makhleb
Nemelex Xobeh
Qazlal
Ru
Sif Muna
Vehumet
Xom
Yredelemnul
Zin

Shops:
D:2 [   D:5 *

Annotations:
D:5 3 runed translucent doors, Dega's ghost, novice SpHu


Innate Abilities, Weirdness & Mutations

You are a venomous arachnid creature.
You have venomous fangs.
You are tiny and dextrous.
Your spellcasting is less reliable in this form.
Your armour is entirely melded.
You are incapable of wielding weapons or throwing items.
You cannot wear most types of armour.
((You are amphibious.))
You can wear up to eight rings at the same time.
((Your skin changes colour to match your surroundings (Stealth+).))
((Your rubbery body absorbs attacks. (AC +1, EV +1)))
((You are camouflaged when in or above water. (Stealth+)))
((You have tentacles for arms and can constrict up to eight enemies at once.))


Message History

An orc comes into view. It is wielding a +0 mace.
The orc shouts!
You hear a shout!
The orc shouts!
Something shouts, "Fly, thou foppish unchin-snouted swadder!"
The ice beast misses you.
An orc comes into view. It is wielding a +0 club.
You hit the ice beast.
The ice beast is lightly wounded.
You barely miss the ice beast.
The ice beast is lightly wounded.
The ice beast completely misses you.
You hit the ice beast.
The ice beast is lightly wounded.
You bite the ice beast!
The ice beast is moderately wounded.
The ice beast hits you. The ice beast freezes you.
You hit the ice beast.
The ice beast is heavily wounded.
The ice beast hits you. The ice beast freezes you! The orc closely misses you.
The orc attacks as you move away! The orc closely misses you.
The ice beast attacks as you move away! The ice beast hits you.
The ice beast freezes you!
You hit the ice beast.
The ice beast is heavily wounded.
The ice beast misses you.
A shadow imp comes into view.
You hit the ice beast.
The ice beast is severely wounded.
The ice beast completely misses you. The orc completely misses you.
The shadow imp grinds its teeth.
You hit the ice beast but do no damage.
The ice beast is severely wounded.
The ice beast hits you. The ice beast freezes you!
* * * LOW HITPOINT WARNING * * *
The orc completely misses you. The orc hits you with a +0 short sword.
* * * LOW HITPOINT WARNING * * *
You hit the ice beast.
The ice beast is poisoned.
The ice beast is severely wounded.
The ice beast hits you.
You die...
Your body crumbles into a pile of gold.

... ... .... #### .....
##..## ##.....
##....###o..5...
##....(.sYo......
#####.......oo.......
#####....................
.........................
..#######..............#.
### ##............##
##....$......#
##..........#
##........##


You could see an ice beast (poisoned), a shadow imp and 4 orcs.

Vanquished Creatures
  Edmund (D:6)
  Menkaure (D:4)
  A water moccasin (D:6)
  A black bear (D:5)
  An ice beast (D:6)
  A kobold brigand (D:6)
  A scorpion (D:4)
  A water moccasin zombie (D:5)
  A howler monkey (D:6)
  A jelly (D:6)
  4 hounds
  3 orc priests
  Jessica (D:2)
  Ijyb (D:5)
  2 iguanas
  2 orc wizards
  A scorpion zombie (D:5)
  8 adders
  A shadow imp (D:6)
  2 ufetubi
  2 dart slugs
  17 orcs
  11 ball pythons
  6 bats
  4 endoplasms
  2 giant cockroaches
  6 goblins
  9 hobgoblins
  8 jackals
  12 kobolds
  3 quokkas
  2 frilled lizards
  4 rats
121 creatures vanquished.

Vanquished Creatures (others)
  19 plants
19 creatures vanquished.

Grand Total: 140 creatures vanquished

Notes
Turn   | Place    | Note
-------+----------+-------------------------------------------
     0 | D:1      | malesh the Octopode Transmuter began the quest for the Orb.
     0 | D:1      | Reached XP level 1. HP: 13/13 MP: 3/3
    55 | D:1      | Reached XP level 2. HP: 15/18 MP: 5/5
   153 | D:1      | Learned a level 2 spell: Wereblood
   276 | D:1      | Reached XP level 3. HP: 14/23 MP: 6/6
   574 | D:1      | Learned a level 3 spell: Spider Form
   703 | D:2      | Noticed Jessica
   709 | D:2      | Killed Jessica
   710 | D:2      | Reached XP level 4. HP: 28/28 MP: 5/8
   809 | D:2      | Reached skill level 1 in Stealth
   978 | D:2      | Found Jiele's Armour Emporium.
  1680 | D:3      | Reached XP level 5. HP: 33/33 MP: 7/9
  1860 | D:3      | Learned a level 4 spell: Ice Form
  1870 | D:3      | Found a sparkling altar of Nemelex Xobeh.
  2261 | D:3      | Reached skill level 4 in Unarmed Combat
  2323 | D:3      | Reached XP level 6. HP: 37/38 MP: 9/11
  3120 | D:4      | Noticed Menkaure
  3130 | D:4      | Killed Menkaure
  3131 | D:4      | Reached XP level 7. HP: 7/43 MP: 8/13
  3764 | D:5      | Entered Level 5 of the Dungeon
  3774 | D:4      | Reached skill level 5 in Unarmed Combat
  3967 | D:5      | Reached skill level 1 in Poison Magic
  4014 | D:5      | Found Cusisekh's Assorted Antiques.
  4019 | D:5      | Noticed Ijyb
  4022 | D:5      | Bought a scroll of identify for 44 gold pieces
  4036 | D:5      | Killed Ijyb
  4459 | D:5      | Found an opulent altar of Gozag.
  4576 | D:5      | Found a runed translucent gate.
  4576 | D:5      | Found a runed translucent gate.
  4576 | D:5      | Found a runed translucent gate.
  4576 | D:5      | Noticed Dega's ghost (novice SpHu)
  4628 | D:5      | Found a basalt altar of Yredelemnul.
  4741 | D:5      | Reached XP level 8. HP: 38/50 MP: 13/15
  4888 | D:6      | Found a staircase to the Ecumenical Temple.
  4898 | Temple   | Entered the Ecumenical Temple
  5163 | D:5      | Became a worshipper of Gozag Ym Sagoz the Greedy
  5455 | D:6      | Reached skill level 6 in Unarmed Combat
  5597 | D:6      | Noticed Edmund
  5616 | D:6      | Killed Edmund
  5617 | D:6      | Reached skill level 5 in Spellcasting
  6101 | D:6      | Slain by an ice beast

Illustrated notes

Levels and vault maps discovered:
D:1:      reono_arrival_forest_river, layout_rooms, minmay_pentomino_o4
D:2:      layout_basic, serial_shops, nicolae_shop_hallway_plus,
          kennysheep_boxes, uniq_jessica
D:3:      layout_basic, nemelex_altar_shiori
D:4:      layout_rooms, serial_forest, infiniplex_forest_side_room,
          infiniplex_forest_clump_medium, infiniplex_forest_3_way,
          infiniplex_forest_zigzag_1, infiniplex_forest_zigzag_2,
          infiniplex_forest_straight_2, infiniplex_forest_diagonal,
          amcnicky_mini_rare_corridor_liquid, uniq_menkaure
D:5:      layout_rooms, mainiacjoe_overflow_24_doors,
          nicolae_yredelemnul_ghost_church, serial_shops, shop_statue,
          reono_crystal_passage, uniq_ijyb
D:6:      layout_cave_pods, minmay_temple_entry_arrows, uniq_edmund,
          uniq_sigmund
Temple:   dpeg_chambers_temple

Skill      XL: |  1  2  3  4  5  6  7  8 |
---------------+-------------------------+-----
Stealth        | 2 |  2.4
Spellcasting   | 3 4 5 |  5.0
Transmutations | 3 4 |  4.7
Unarmed Combat | 4 5 6 |  6.3
Poison Magic   | 2 3 |  3.0
Dodging        | 3 |  3.7
Fighting       | 2 |  2.9
Ice Magic      | |  0.1

Action                     |  1- 3 |  4- 6 |  7- 9 || total
---------------------------+-------+-------+-------++-------
  Melee: Unarmed           |    63 |    93 |   127 ||   283
         Constrict         |    20 |    29 |    26 ||    75
         Tentacles         |    11 |    18 |    25 ||    54
         Punch             |     3 |     3 |     4 ||    10
         Kick              |    16 |    31 |    41 ||    88
   Cast: Beastly Appendage |    16 |    35 |    19 ||    70
         Spider Form       |       |     1 |     3 ||     4
         Wereblood         |       |     1 |     2 ||     3
    Use: Scroll            |       |     2 |     2 ||     4
   Stab: Sleeping          |     1 |     9 |     2 ||    12
         Distracted        |       |       |     1 ||     1
 Armour: Skin              |     6 |     3 |     7 ||    16
  Dodge: Dodged            |    39 |    44 |    85 ||   168

Table legend: (Time is in decaauts)
 A = Elapsed time spent in this place.
 B = Non-inter-level travel time spent in this place.
 C = Inter-level travel time spent in this place.
 D = Time resting spent in this place.
 E = Time spent auto-exploring this place.
 F = Levels seen in this place.
 G = Mean time per level.
                   A        B        C        D        E       F      G
               +--------+--------+--------+--------+--------+-----+--------+
         Total |   6076 |   5772 |    304 |    557 |   4273 |   7 |  868.0 |
       Dungeon |   5849 |   5568 |    281 |    557 |   4081 |   6 |  974.8 |
        Temple |    227 |    204 |     23 |      0 |    192 |   1 |  227.0 |
               +--------+--------+--------+--------+--------+-----+--------+

Top non-repeatable levels by time:
     D:4: 1299 daAuts
     D:3: 1228 daAuts
     D:6: 917 daAuts
     D:5: 887 daAuts
     D:2: 827 daAuts
     D:1: 689 daAuts
  Temple: 227 daAuts
